 Dungeon Crawl Stone Soup version 0.31-a0-188-g5e087ee2ca (webtiles) character file.

Game seed: 14083519394979547014

754 qw the Skirmisher (level 7, -4/40 HPs)
             Began as a Deep Elf Hunter on June 23, 2023.
             Slain by a kobold brigand
             ... wielding a +2 dagger of protection
              (5 damage)
             ... on level 6 of the Dungeon.
             The game lasted 00:01:19 (4158 turns).

qw the Skirmisher (Deep Elf Hunter)                 Turns: 4158, Time: 00:01:19

Health: -4/40      AC:  7    Str: 10 (13) XL:     7   Next: 49%
Magic:  9/9        EV: 11    Int: 11 (14) God:
Gold:   139        SH:  0    Dex: 17 (18) Spells: 6/6 levels left

rFire   . . .        Y - +2 shortbow
rCold   . . .        (shield currently unavailable)
rNeg    . . .        g - +0 ring mail
rPois   .            k - +0 helmet
rElec   .            (no cloak)
rCorr   .            d - +0 pair of gloves
SInv    .            (no boots)
Will    .....        a - amulet of Pacwioppeo {RegenMP Str+3}
Stlth   +            (no ring)
HPRegen 0.26/turn    (no ring)
MPRegen 0.51/turn

%: no passive effects
@: lethally poisoned (-4 -> -28)
A: no striking features
a: no special abilities


You were on level 6 of the Dungeon.
You visited 1 branch of the dungeon, and saw 7 of its levels.

You collected 204 gold pieces.
You spent 65 gold pieces at shops.


   Skills:
 - Level 2.4 Fighting
 + Level 11.1 Ranged Weapons
 - Level 1.2 Armour
 - Level 3.4 Dodging
 - Level 1.2 Stealth


You had 6 spell levels left.
You didn't know any spells.
Your spell library was empty.

Inventory:

Hand Weapons
 Y - a +2 shortbow (weapon)
Armour
 d - a +0 pair of gloves (worn)
 g - a +0 ring mail (worn)
 k - a +0 helmet (worn)
Jewellery
 a - the amulet of Pacwioppeo (around neck) {RegenMP Str+3}
   (You acquired it on level 3 of the Dungeon)

   [amulet of magic regeneration]

   It increases your rate of magic regeneration.
   Str:       It affects your strength (+3).
Scrolls
 e - a scroll of identify
Potions
 b - a potion of mutation
 c - a potion of magic {unknown}
 f - a potion of berserk rage {unknown}
 j - 2 potions of curing

Dungeon Overview and Level Annotations

Branches:
Dungeon (7/15)
 Temple: D:4-7

Altars:
Fedhas
Kikubaaqudgha

Shops:
D:5 ?


Message History

You shoot an arrow. The arrow hits the kobold brigand.
The kobold brigand is lightly wounded.
You feel sick.
The kobold brigand hits you with a +2 dagger of protection.
The kobold hits you but does no damage.
You are more poisoned.
You shoot an arrow.
The arrow hits the kobold brigand but does no damage.
The kobold brigand is lightly wounded.
You feel very sick.
The kobold brigand hits you but does no damage.
The kobold barely misses you.
You shoot an arrow.
The arrow hits the kobold brigand but does no damage.
The kobold brigand is lightly wounded.
You feel very sick.
The kobold hits you with a +1 short sword of venom.
You are lethally poisoned!
The kobold brigand hits you with a +2 dagger of protection.
You shoot an arrow. The arrow misses the kobold brigand.
You feel very sick.
The kobold brigand completely misses you.
The kobold hits you but does no damage.
You are more poisoned.
4156 ||| DRINKING potion of heal wounds.
You feel much better.
You feel extremely sick. The kobold brigand barely misses you.
The kobold hits you with a +1 short sword of venom.
You are more poisoned.
You shoot an arrow.
The arrow hits the kobold brigand but does no damage.
You feel extremely sick. The kobold brigand misses you.
The kobold hits you with a +1 short sword of venom.
You shoot an arrow. The arrow hits the kobold brigand!
The kobold brigand is heavily wounded.
You feel very sick.
The kobold brigand hits you with a +2 dagger of protection.
You die...

#####.#.###.# ..
#.##.#..##.###
#.......>.....
#####.#.......
#..###.## ##.##
.## ##...##..#
..#..~..#.#
#...~~~.@K# #..#
###..~..#K......
#..#
##...##)#.#.##
#..# ##.## .# #
#..# #.. .. #..#
### ## #..# #..#
###..##


You could see a kobold brigand and a kobold.

Vanquished Creatures
  A water moccasin (D:5)
  An ogre (D:5)
  5 scorpions
  A hound (D:5)
  An orc priest (D:5)
  2 sleepcaps
  An iguana (D:4)
  Robin (D:3)
  3 gnolls (D:5)
  3 adders
  An ufetubus (D:5)
  2 worms
  A dart slug (D:1)
  4 orcs
  5 ball pythons
  5 endoplasms
  5 giant cockroaches
  10 goblins
  2 hobgoblins (D:3)
  2 quokkas
  5 bats
  A frilled lizard (D:3)
  9 kobolds
  2 rats
73 creatures vanquished.

Notes
Turn   | Place    | Note
-------+----------+-------------------------------------------
     0 | D:1      | qw the Deep Elf Hunter began the quest for the Orb.
     0 | D:1      | Reached XP level 1. HP: 12/12 MP: 3/3
     0 | D:1      | 0 ||| qw: Version: 0.3-a-9-g12657ce
     0 | D:1      | 0 ||| qw: Game counter: 4382
     0 | D:1      | 0 ||| qw: Always use a shield: true
     0 | D:1      | 0 ||| qw: God list: Okawaru
     0 | D:1      | 0 ||| qw: Allow faded altars: false
     0 | D:1      | 0 ||| qw: Do Orc after D:15 true
     0 | D:1      | 0 ||| qw: Do second Lair branch before Depths: true
     0 | D:1      | 0 ||| qw: Lair rune preference: random
     0 | D:1      | 0 ||| qw: Plans: Normal
     0 | D:1      | 0 ||| PLANNING D:1-11
   613 | D:1      | Reached XP level 2. HP: 16/16 MP: 4/4
   665 | D:1      | Reached skill level 6 in Ranged Weapons
   762 | D:1      | 762 ||| UPGRADING to +0 ring mail.
   772 | D:1      | 772 ||| DROPPING +0 leather armour.
   773 | D:1      | 773 ||| READING 2 scrolls labelled VOLAGU WUR JOA.
   774 | D:1      | 774 ||| DROPPING scroll of amnesia.
   775 | D:1      | 775 ||| DROPPING scroll of butterflies.
   943 | D:2      | 943 ||| FLEEEEING.
  1062 | D:2      | Reached XP level 3. HP: 20/20 MP: 5/5
  1454 | D:2      | 1454 ||| READING scroll labelled RIAMPURITI.
  1455 | D:2      | 1455 ||| READING scroll labelled FAEXTYZXOATWU.
  1459 | D:2      | 1459 ||| READING 2 scrolls labelled NYIDDA WOXZISI.
  1520 | D:3      | Reached skill level 7 in Ranged Weapons
  2053 | D:3      | Noticed Robin
  2064 | D:3      | Killed Robin
  2067 | D:3      | Reached XP level 4. HP: 25/25 MP: 6/6
  2202 | D:3      | Found a blossoming altar of Fedhas.
  2308 | D:3      | Identified the +2 flail of Gin and Tonic {flame, rF+ rN+
                  | Str-2 Dex+3}
  2447 | D:3      | 2447 ||| UPGRADING to +0 helmet.
  2452 | D:3      | 2452 ||| READING scroll labelled ETOMOU EWAN.
  2453 | D:3      | 2453 ||| READING scroll labelled YZEEBBYETE.
  2454 | D:3      | 2454 ||| DRINKING 2 cyan potions.
  2455 | D:3      | 2455 ||| READING 3 scrolls of identify.
  2455 | D:3      | 2455 ||| IDENTIFYING ruby potion
  2456 | D:3      | 2456 ||| READING 2 scrolls of identify.
  2456 | D:3      | 2456 ||| IDENTIFYING murky sapphire potion
  2457 | D:3      | 2457 ||| DROPPING potion of attraction.
  2458 | D:3      | 2458 ||| DROPPING potion of lignification.
  2679 | D:4      | Reached skill level 8 in Ranged Weapons
  2699 | D:4      | 2699 ||| FLEEEEING.
  2701 | D:4      | 2701 ||| STAIRDANCE
  2734 | D:3      | 2734 ||| READING scroll labelled KUCWUI ACYKIPLONU.
  2735 | D:3      | 2735 ||| READING scroll labelled HIUTHR BEHE.
  2735 | D:3      | Identified a scroll of acquirement
  2735 | D:3      | 2735 ||| ACQUIRING amulet of Pacwioppeo {RegenMP Str+3}
  2735 | D:3      | Acquired the amulet of Pacwioppeo {RegenMP Str+3}
  2737 | D:3      | 2737 ||| UPGRADING to amulet of Pacwioppeo {RegenMP Str+3}.
  2762 | D:4      | Noticed a scorpion
  2769 | D:4      | Killed a scorpion
  2770 | D:4      | Reached XP level 5. HP: 18/29 MP: 7/7
  2929 | D:4      | Found an ancient bone altar of Kikubaaqudgha.
  3000 | D:4      | 3000 ||| DRINKING 2 red potions.
  3005 | D:5      | Entered Level 5 of the Dungeon
  3032 | D:5      | Reached skill level 9 in Ranged Weapons
  3077 | D:5      | You fall into a shaft and drop 2 floors!
  3190 | D:5      | Reached XP level 6. HP: 36/36 MP: 8/8
  3190 | D:5      | Found Osis's Magic Scroll Shop.
  3197 | D:5      | 3197 ||| BUYING scroll of identify (26 gold).
  3197 | D:5      | Bought a scroll of identify for 26 gold pieces
  3197 | D:5      | 3197 ||| BUYING scroll of teleportation (39 gold).
  3197 | D:5      | Bought a scroll of teleportation for 39 gold pieces
  3211 | D:5      | 3211 ||| READING scroll of enchant weapon.
  3211 | D:5      | 3211 ||| ENCHANTING +1 shortbow.
  3258 | D:5      | HP: 9/36 [scorpion (2)]
  3259 | D:5      | 3259 ||| READING scroll of teleportation.
  3260 | D:5      | 3260 ||| DRINKING 2 potions of heal wounds.
  3264 | D:5      | Reached skill level 3 in Dodging
  3402 | D:5      | Noticed a water moccasin
  3410 | D:5      | Killed a water moccasin
  3411 | D:5      | HP: 9/36 [poisoned by a water moccasin]
  3415 | D:5      | HP: 4/36 [poisoned by a water moccasin]
  3578 | D:5      | Reached skill level 10 in Ranged Weapons
  3697 | D:5      | Reached skill level 1 in Armour
  3697 | D:5      | Reached XP level 7. HP: 40/40 MP: 9/9
  3965 | D:5      | Reached skill level 11 in Ranged Weapons
  4075 | D:5      | 4075 ||| UPGRADING to +0 pair of gloves.
  4080 | D:5      | 4080 ||| DRINKING 2 puce potions.
  4081 | D:5      | 4081 ||| READING 2 scrolls of identify.
  4081 | D:5      | 4081 ||| IDENTIFYING fuming sapphire potion
  4082 | D:5      | 4082 ||| DROPPING potion of degeneration.
  4129 | D:6      | 4129 ||| Stepping ~*~*~tactically~*~*~ (outnumbered).
  4140 | D:6      | HP: 9/40 [sleepcap (4)]
  4140 | D:6      | HP: 4/40 [kobold brigand/+2 dagger of protection (5)]
  4141 | D:6      | 4141 ||| DRINKING 3 potions of heal wounds.
  4150 | D:6      | HP: 9/40 [poisoned by a kobold]
  4151 | D:6      | 4151 ||| DRINKING 2 potions of heal wounds.
  4155 | D:6      | HP: 9/40 [poisoned by a kobold]
  4156 | D:6      | 4156 ||| DRINKING potion of heal wounds.
  4158 | D:6      | HP: 1/40 [poisoned by a kobold]
  4158 | D:6      | Slain by a kobold brigand

Levels and vault maps discovered:
D:1:      wander_arrival_lonely_grave, layout_loops_corners
D:2:      layout_loops_ring
D:3:      layout_basic, fedhas_ov_isle_minmay, uniq_robin
D:4:      layout_cave_pools, mainiacjoe_overflow_alcove_4
D:5:      layout_loops_cross, serial_shops, nicolae_shop_waterfront
D:6:      layout_loops_ring, mainiacjoe_overflow_six_doors_small,
          amcnicky_mini_pool_small, chequers_serial_rivers_small_3, hex_medium
D:7:      layout_loops_cross, minmay_temple_entry_statues_pillars, serial_shops,
          nicolae_shop_advertising_works [nicolae_subvault_shop_adworks],
          gammafunk_ghost_icy, nicolae_shop_sticking_my_neck_out

Skill      XL: |  1  2  3  4  5  6  7 |
---------------+----------------------+-----
Ranged Weapons | 6 7 8 9 10 11 | 11.1
Fighting       | 2 |  2.4
Dodging        | 3 |  3.4
Armour         | 1 |  1.2
Stealth        | |  1.2

Action                     |  1- 3 |  4- 6 |  7- 9 || total
---------------------------+-------+-------+-------++-------
  Melee: Unarmed           |     6 |     9 |       ||    15
   Fire: Shortbow          |    96 |   100 |    57 ||   253
    Use: Scroll            |     4 |     8 |     1 ||    13
         Potion            |       |     3 |     4 ||     7
 Armour: Ring mail         |    11 |     7 |    10 ||    28
         Skin              |     1 |     2 |       ||     3
  Dodge: Dodged            |    22 |    27 |    37 ||    86

Table legend:
 A = Non-vault XP
 B = Vault XP
 C = Vault XP percentage of total XP
 D = Non-vault monster count
 E = Vault monster count
 F = Vault count percentage of total count
                 A         B        C        D         E       F
            +---------+---------+-------+---------+---------+-------
      Total |    1048 |      30 |   2.8 |      64 |       9 |  12.3
            +---------+---------+-------+---------+---------+-------
        D:1 |      14 |       0 |   0.0 |       8 |       0 |   0.0
        D:2 |      48 |       0 |   0.0 |      13 |       0 |   0.0
        D:3 |      17 |      30 |  63.8 |      12 |       9 |  42.9
        D:4 |     150 |       0 |   0.0 |      11 |       0 |   0.0
        D:5 |     775 |       0 |   0.0 |      17 |       0 |   0.0
        D:6 |      44 |       0 |   0.0 |       3 |       0 |   0.0
            +---------+---------+-------+---------+---------+-------
